 Dungeon Crawl Stone Soup version 0.20.0-8-g6b59dc7 (webtiles) character file.

147 Kosschaser the Chopper (level 5, 0/70 HPs)
             Began as a Hill Orc Berserker on June 2, 2017.
             Was a Believer of Trog.
             Slain by an orc wizard
             ... wielding a +0 dagger
              (1 damage)
             ... on level 3 of the Dungeon.
             The game lasted 00:03:51 (2416 turns).

Kosschaser the Chopper (Hill Orc Berserker)         Turns: 2416, Time: 00:03:52

Health: 0/70       AC:  5    Str: 25    XL:     5   Next: 29%
Magic:  5/5        EV: 12    Int:  7    God:    Trog [**....]
Gold:   105        SH:  0    Dex: 11    Spells: 4/4 levels left

rFire    . . .     SeeInvis .   a - +0 hand axe
rCold    . . .     Gourm    .   (no shield)
rNeg     . . .     Faith    .   n - +0 leather armour
rPois    .         Spirit   .   (no helmet)
rElec    .         Reflect  .   (no cloak)
rCorr    .         Harm     .   d - +1 pair of gloves
MR       .....                  (no boots)
Stlth    ..........             (no amulet)
Regen    0.3/turn               (no ring)
MPRegen  0.1/turn               (no ring)

@: berserking, very quick
A: no striking features
a: Berserk, Trog's Hand, Burn Spellbooks, Renounce Religion


You were on level 3 of the Dungeon.
You worshipped Trog.
Trog was pleased with you.
You were hungry.

You visited 1 branch of the dungeon, and saw 3 of its levels.

You collected 105 gold pieces.

Inventory:

Hand Weapons
 a - a +0 hand axe (weapon)
Armour
 d - a +1 pair of gloves (worn)
 n - a +0 leather armour (worn)
Scrolls
 b - a scroll of teleportation {unknown}
 i - a scroll of amnesia {unknown}
 j - 4 scrolls of remove curse {unknown}
 l - a scroll of fog {unknown}
 p - 2 scrolls of random uselessness {unknown}
Potions
 e - a potion of lignification {unknown}
 f - a potion of brilliance {unknown}
 g - a potion of heal wounds {unknown}
 h - 2 potions of cancellation {unknown}
 k - a potion of degeneration {unknown}
 o - a potion of ambrosia {unknown}
Comestibles
 c - a bread ration
 m - a meat ration
 q - a chunk of flesh


   Skills:
 + Level 4.5 Fighting
 + Level 6.1 Axes
 + Level 2.5 Armour
 + Level 2.4 Dodging


You had 4 spell levels left.
You didn't know any spells.

Dungeon Overview and Level Annotations

Branches:
Dungeon (3/15)

Altars:


Message History

You hear some strange, mumbled words.
A magic dart appears from out of thin air!
The magic dart hits you!
* * * LOW HITPOINT WARNING * * *
The jackal misses you.
A red film seems to cover your vision as you go berserk!
You feel yourself moving faster!
You feel mighty!
You are feeling hungry.
The jackal bites you.
* * * LOW HITPOINT WARNING * * *
Something hits you but does no damage. The jackal barely misses you.
The jackal closely misses you.
You hit something. You hit the jackal. You slash the jackal!
You kill the jackal!
Trog accepts your kill. Something hits you but does no damage.
The jackal bites you but does no damage.
You barely miss something. You barely miss the jackal.
The jackal barely misses you. Something hits you.
You die...

....###.#
....#..#
#.#....
##.....## ###
###.......#...#
#.........$....
##...{.h...#..
#..)†...>##..
##........?#
##.......##
#.(.......#
#.........#
#.........#
#...%.....#


You could see a jackal.

Vanquished Creatures
  Jessica (D:2)
  5 adders (D:2)
  An ooze (D:1)
  2 worms (D:2)
  A dart slug (D:1)
  A leopard gecko (D:2)
  3 orcs (D:3)
  A ball python (D:1)
  6 bats
  4 giant cockroaches
  9 hobgoblins
  5 jackals
  3 frilled lizards
  4 goblins
  9 kobolds
  6 rats
61 creatures vanquished.

Notes
Turn   | Place    | Note
-------+----------+-------------------------------------------
     0 | D:1      | Kosschaser the Hill Orc Berserker began the quest for the Orb.
     0 | D:1      | Reached XP level 1. HP: 19/19 MP: 1/1
    37 | D:1      | Reached XP level 2. HP: 19/27 MP: 2/2
   565 | D:1      | Reached XP level 3. HP: 29/33 MP: 3/3
   919 | D:2      | Reached skill level 5 in Axes
  1234 | D:2      | Reached XP level 4. HP: 22/40 MP: 4/4
  1452 | D:2      | Reached ** piety under Trog
  1617 | D:2      | Noticed Jessica
  1634 | D:2      | Killed Jessica
  1910 | D:2      | Reached XP level 5. HP: 35/47 MP: 5/5
  2284 | D:2      | Reached skill level 6 in Axes
  2413 | D:3      | HP: 2/47 [something/magic dart (7)]
  2416 | D:3      | Slain by an orc wizard

Skill      XL: |  1  2  3  4  5 |
---------------+----------------+-----
Fighting       | 4 |  4.5
Axes           | 5 6 |  6.1
Dodging        | 2 |  2.4
Armour         | |  2.5

Action                   |  1- 3 |  4- 6 || total
-------------------------+-------+-------++-------
Melee: Hand axe          |   124 |   107 ||   231
Invok: Burn Spellbooks   |     1 |       ||     1
       Berserk           |       |     1 ||     1
 Stab: Sleeping          |     1 |       ||     1
  Eat: Chunk             |       |     5 ||     5
Armor: Animal skin       |    44 |       ||    44
       Leather armour    |     3 |    36 ||    39
Dodge: Dodged            |    90 |    91 ||   181
